FIQ, neutral female gnomish Wizard -... .<*.. ..... -.G |[-- |.o.------ --.Dh....( |..------ ---- FIQ the Thaumaturge Experience level: 8 Strength: 18/** Dexterity: 12 Constitution: 15 Intelligence: 18 Wisdom: 13 Charisma: 8 Health: 0(135) Energy: 37(70) Def: 11 Gold: 574 Moves: 6630 Dungeon seed: FePI3vokQlmMMTM7 Game ID: FIQ_1442511667 Your Inventory: Coins $ - 574 gold pieces Amulets D - an uncursed amulet of ESP (being worn) Weapons p - an uncursed +2 aklys (alternate weapon; not wielded) Comestibles a - an uncursed cram ration s - 3 uncursed lichen corpses v - an uncursed sprig of wolfsbane z - an uncursed candy bar B - 5 uncursed food rations M - an uncursed pancake O - an uncursed clove of garlic Z - an uncursed fortune cookie Scrolls i - 2 uncursed scrolls of remove curse j - an uncursed scroll of scare monster k - 2 uncursed scrolls of enchant weapon q - an uncursed scroll of create monster u - 3 uncursed scrolls of identify x - an uncursed scroll of scare monster H - 2 uncursed scrolls of teleportation J - 2 uncursed scrolls of confuse monster K - an uncursed scroll of food detection Spellbooks m - a blessed spellbook of magic missile n - an uncursed spellbook of cause fear A - an uncursed spellbook of create monster E - an uncursed spellbook of jumping L - a blessed spellbook of force bolt W - an uncursed spellbook of drain life Potions e - an uncursed potion of speed f - 2 uncursed potions of fruit juice h - 2 uncursed potions of see invisible r - 2 uncursed potions of healing C - 2 uncursed potions of confusion I - an uncursed potion of levitation R - an uncursed potion of full healing U - an uncursed potion of paralysis V - an uncursed potion of oil Rings c - an uncursed ring of shock resistance d - an uncursed ring of teleport control Wands b - an uncursed wand of fire (0:2) y - an uncursed wand of striking (0:0) F - an uncursed wand of enlightenment (0:8) G - an uncursed wand of digging (0:4) P - an uncursed wand of light (0:11) Q - a blessed wand of opening (0:2) T - an uncursed wand of lightning (0:5) X - an uncursed wand of slow monster (0:6) Tools l - an uncursed oil lamp (0:0) o - an uncursed magic marker (0:54) t - an uncursed blindfold S - an uncursed brass lantern (0:1344) Gems g - a cursed touchstone Spells and supernatural/magical abilities: Name Level Category Fail Memory a - force bolt 1 attack 0% 67% c - cause fear 3 enchantment 0% 67% j - jumping 1 escape 0% 74% m - magic missile 2 attack 0% 67% D - drain life 2 attack 0% 91% O - create monster 2 clerical 43% 73% W - pray for help -- divine ? -- Z - breathe disintegration -- ability ? -- Your skills at the end: Fighting Skills Weapon Skills quarterstaff [Basic] crossbow [Basic] Spellcasting Skills attack spells [Basic] enchantment spells [Basic] Final Attributes: You were fervently aligned. You were disintegration-resistant. You saw invisible. You were telepathic. You could fly. You were permanently polymorphed into a black dragon. You could not change from your current form. You are dead. Vanquished creatures: a shopkeeper a small mimic a dwarf king a chameleon a mumak a gnome king a dingo a housecat 2 dwarf lords a human zombie a Woodland-elf an imp 2 Mordor orcs 9 Uruk-hai a rock piercer a fog cloud a shrieker a violet fungus a gnome lord a kobold mummy a black naga hatchling 3 elf zombies a straw golem 6 giant ants a little dog 2 floating eyes 17 dwarves 2 hill orcs a rabid rat a centipede 3 giant bats an orc zombie a dwarf zombie 2 wererats 4 iguanas 2 killer bees 2 acid blobs a coyote a gas spore 3 hobbits 5 giant rats 5 cave spiders 3 brown molds 3 yellow molds 2 green molds 16 gnomes 2 garter snakes 2 gnome zombies 7 geckos 11 jackals a fox 2 kobolds 6 goblins a grid bug a bat 3 lichens a kobold zombie 9 newts 165 creatures vanquished. Voluntary challenges: You went without food. You never hit with a wielded weapon. You read items or engraved 8 times, starting on turn 1181. You never genocided any monsters. You never polymorphed an object. You never changed form. You used no wishes. You never split a pudding. You never wrote Elbereth's name. You violated your moral code, losing 4 points of alignment, starting on turn 1163. Dungeon overview: The Dungeons of Doom: levels 1 to 4 Level 1 a long staircase Level 2 a fountain stairs to The Gnomish Mines Level 3 a general store, a fountain Level 4 a fountain The Gnomish Mines: levels 3 to 9 Level 3 stairs to The Dungeons of Doom Level 4 Level 5 a temple to Ptah, some fountains Level 6 Level 7 Level 8 Level 9 <- You were here History has recorded: On T:1 you entered the Dungeons of Doom to retrieve the Amulet of Yendor! On T:507 you reached level 2 of The Dungeons of Doom. On T:769 you advanced to experience level 2. On T:849 you reached level 3 of The Dungeons of Doom. On T:1161 you advanced to experience level 3. On T:1163 you advanced to experience level 4. On T:1227 you advanced to experience level 5. On T:1475 you reached level 4 of The Dungeons of Doom. On T:2653 you reached level 1 of The Gnomish Mines. On T:2711 you advanced to experience level 6. On T:3165 you reached level 2 of The Gnomish Mines. On T:3711 you reached level 3 of The Gnomish Mines. On T:4356 you reached level 4 of The Gnomish Mines. On T:4363 you advanced to experience level 7. On T:4881 you reached level 5 of The Gnomish Mines. On T:6015 you reached level 6 of The Gnomish Mines. On T:6551 you reached level 7 of The Gnomish Mines. On T:6560 you advanced to experience level 8. Score breakdown: Gold: 574 ( 57 points) Experience: 8 levels ( 700 points) Exploration: 9 levels ( 240 points) Discoveries: 13 items ( 650 points) Variety of kills: 58 monsters ( 2000 points) Major goal: (nothing yet) ( 0 points) Survival: died (score multiplied by 3) Total score: 10941 Latest messages: You bite the Uruk-hai. You hit the Uruk-hai. (2x) The dwarf wields a broad pick! The Uruk-hai swings her crude bow. The Uruk-hai hits! Final status: Goodbye FIQ the Wizard, killed by an Uruk-hai, while stuck in monster form... You died in The Gnomish Mines on dungeon level 9 with 10941 points, and 574 pieces of gold, after 6630 moves. You were level 8 with a maximum of 58 hit points when you died.